 Dungeon Crawl Stone Soup version 0.18.1-6-gd335043 (webtiles) character file.

11 IcyTea the Insei (level 2, 0/18 HPs)
             Began as an Octopode Transmuter on May 16, 2016.
             Slain by a kobold
             ... wielding a +0 short sword
              (4 damage)
             ... on level 1 of the Dungeon.
             The game lasted 00:01:47 (325 turns).

IcyTea the Insei (Octopode Transmuter)               Turns: 325, Time: 00:01:48

Health: 0/18       AC:  1    Str:  9    XL:     2   Next: 25%
Magic:  4/5        EV: 12    Int: 15    God:
Gold:   7          SH:  0    Dex: 12    Spells: 1 memorised, 4 levels left

rFire  . . .     SeeInvis .       - Unarmed
rCold  . . .     Gourm    .     (no shield)
rNeg   . . .     Faith    .     (helmet restricted)
rPois  .         Spirit   .     (no amulet)
rElec  .         Dismiss  .     (no ring)
rCorr  .         Reflect  .     (no ring)
SustAt .         Harm     .     (no ring)
MR     .....                    (no ring)
Stlth  ++........               (no ring)
                                (no ring)
                                (no ring)
                                (no ring)

@: appendage (expiring), not resistant to hostile enchantments, unstealthy
A: almost no armour, amphibious, 8 rings, constrict 8, tentacle spike 3,
camouflage 1, gelatinous body 1
a: End Transformation


You were on level 1 of the Dungeon.
You were not hungry.
One of your tentacles had a temporary spike.
You visited 1 branch of the dungeon, and saw 1 of its levels.

You collected 7 gold pieces.

Inventory:

Missiles
 a - 12 arrows
Scrolls
 d - a scroll of amnesia
 f - a scroll of identify
Potions
 e - 2 potions of curing {unknown}
Books
 b - a book of Changes

   Spells                             Type                      Level
   a - Beastly Appendage              Transmutation                1
   b - Sticks to Snakes               Transmutation                2
   c - Spider Form                    Transmutation/Poison         3
   d - Ice Form                       Ice/Transmutation            4
   e - Blade Hands                    Transmutation                5
Comestibles
 c - a bread ration


   Skills:
 - Level 1.0 Fighting
 - Level 2.0 Dodging
 + Level 3.6 Unarmed Combat
 - Level 2.0 Spellcasting
 - Level 2.0 Transmutations


You had 4 spell levels left.
You knew the following spells:

 Your Spells              Type           Power        Failure   Level  Hunger
a - Beastly Appendage     Trmt           #.....       12%         1    #......


Dungeon Overview and Level Annotations

Branches:
Dungeon (1/15)

Altars:
Ashenzari


Innate Abilities, Weirdness & Mutations

You cannot wear most types of armour.
You are amphibious.
You can wear up to eight rings at the same time.
You can use your tentacles to constrict eight enemies at once.
Your skin changes colour to match your surroundings (Stealth).
Your rubbery body absorbs attacks (AC +1).
One of your tentacles bears a large vicious spike.


Message History

You kill the giant gecko!
Your transformation is almost over.
The kobold throws a stone.
The stone hits you.
The kobold throws a stone.
The stone closely misses you.
Things that are here:
3 stones; a giant gecko corpse The kobold barely misses you. x2
You see here a stone.
You tentacle-slap the kobold. You grab the kobold.
The kobold is moderately wounded.
You constrict the kobold. The kobold barely misses you. The kobold hits you.
You tentacle-slap the kobold but do no damage.
The kobold is heavily wounded.
You constrict the kobold, but do no damage.
The kobold hits you with a short sword!
* * * LOW HITPOINT WARNING * * *
The kobold misses you.
You closely miss the kobold. You grab the kobold. You constrict the kobold. x2
The kobold hits you with a short sword.
You die...

#.#(...#####.......##.##.#
..#.##....#.........#†...#
###. ##...#⌠.##'#..⌠#...##
.##..#.####(..####.#.#
#..............#....#.#
#...####...#........#.#
###........#####.#### #
..####.......(.# .#
##.....@### .. #....KK#
.........# ###.......#
#......... #.#.#....#.
#......#.# # ...###...#
.... K.#.


You could see 2 kobolds.

Vanquished Creatures
  A giant gecko (D:1)
  A giant cockroach (D:1)
  2 hobgoblins (D:1)
  A giant newt (D:1)
  3 kobolds (D:1)
  A rat (D:1)
9 creatures vanquished.

Notes
Turn   | Place    | Note
--------------------------------------------------------------
     0 | D:1      | IcyTea the Octopode Transmuter began the quest for the Orb.
     0 | D:1      | Reached XP level 1. HP: 13/13 MP: 3/3
   127 | D:1      | Found a shattered altar of Ashenzari.
   154 | D:1      | Reached XP level 2. HP: 11/18 MP: 1/5
   325 | D:1      | Slain by a kobold

Action                   || total
-------------------------++-------
Melee: Unarmed           ||    22
       Constrict         ||     8
       Tentacles         ||     4
       Kick              ||     1
       Punch             ||     1
 Cast: Beastly Appendage ||     2
  Use: Scroll            ||     1
 Stab: Sleeping          ||     1
Armor: Skin              ||     2
Dodge: Dodged            ||    10
